 Dungeon Crawl Stone Soup version 0.31-a0-986-g5e6e4ef867 (webtiles) character file.

Game seed: 6499052646556246828

52 gelatine the Trooper (level 3, 0/29 HPs)
             Began as a Demonspawn Fighter on Nov 16, 2023.
             Slain by Crazy Yiuf
             ... wielding a +2 quarterstaff of chaos
              (9 damage)
             ... on level 2 of the Dungeon.
             The game lasted 00:02:57 (1629 turns).

gelatine the Trooper (Demonspawn Fighter)           Turns: 1629, Time: 00:02:58

Health: 0/29       AC:  6    Str: 18    XL:     3   Next: 60%
Magic:  3/3        EV: 10    Int:  9    God:
Gold:   92         SH:  4    Dex: 12    Spells: 2/2 levels left

rFire   + . .        a - +0 war axe
rCold   + . .        c - +0 buckler
rNeg    . . .        s - +0 ring mail
rPois   .            (no helmet)
rElec   .            k - scarf {rC+ rF+}
rCorr   .            (no gloves)
SInv    .            (no boots)
Will    .....        (no amulet)
Stlth   +            (no ring)
HPRegen 0.24/turn    (no ring)
MPRegen 0.08/turn

%: no passive effects
@: no status effects
A: rugged brown scales 1
a: no special abilities


You were on level 2 of the Dungeon.
You visited 1 branch of the dungeon, and saw 2 of its levels.

You collected 92 gold pieces.

Inventory:

Hand Weapons
 a - a +0 war axe (weapon)
Missiles
 f - 24 stones (quivered)
 h - 6 poisoned darts
 n - 4 boomerangs
Armour
 b - a +0 scale mail
 c - a +0 buckler (worn)
 j - a +0 leather armour
 k - a scarf of resistance (worn)
 s - a +0 ring mail (worn)
Wands
 q - a wand of iceblast (7)
Scrolls
 g - 2 scrolls of teleportation {unknown}
 l - a scroll of fog {unknown}
 o - a scroll of vulnerability {unknown}
 p - a scroll of noise {unknown}
 r - a scroll of identify {unknown}
 t - a scroll of fear {unknown}
Potions
 d - a potion of might
 e - 2 potions of curing {unknown}
 i - a potion of degeneration {unknown}
 m - a potion of cancellation {unknown}


   Skills:
 * Level 3.3 Fighting
 * Level 2.3 Axes
 * Level 0.4 Throwing
 * Level 3.0 Armour
 * Level 0.4 Dodging
 + Level 0.1 Stealth
 * Level 3.1 Shields


You had 2 spell levels left.
You didn't know any spells.
Your spell library contained the following spells:

 Spells                   Type           Power      Damage    Failure   Level
 Apportation              Tloc           0%         N/A       65%         1


Dungeon Overview and Level Annotations

Branches:
Dungeon (2/15)

Altars:

Annotations:
D:2 Crazy Yiuf


Innate Abilities, Weirdness & Mutations

You are partially covered in rugged brown scales. (AC +1, +3% HP)


Message History

You miss the adder.
The adder is severely wounded.
You feel sick.
You are no longer poisoned.
The adder closely misses you.
You barely miss the adder.
The adder is severely wounded.
The adder bites you but does no damage. The adder barely misses you.
You slash the adder!
You kill the adder!
You see here an adder corpse.
f - 24 stones (gained 2)
You now have 92 gold pieces (gained 8).
Found a hammer.
You slash the fungus!
The fungus begins to die.
The fungus is lightly damaged.
You slash the fungus!
The fungus begins to die.
You slash the fungus!
The fungus is lightly damaged.
You hit the fungus. You hit the fungus.
The fungus is lightly damaged.
You slash the fungus!
A nearby fungus withers and dies. x2
You see here a +0 hammer.
Found four hammers.
Found a runed translucent door.
Crazy Yiuf shouts!
You see here a +0 hammer.
You see here a +0 hammer.
Found a hammer.
You open the door. You hit Crazy Yiuf.
Crazy Yiuf is lightly wounded.
Crazy Yiuf hits you with a +2 quarterstaff of chaos!
Crazy Yiuf freezes you.
You hit Crazy Yiuf.
Crazy Yiuf is moderately wounded.
Crazy Yiuf hits you with a +2 quarterstaff of chaos.
Crazy Yiuf draws strength from your wounds!
Crazy Yiuf hits you with a +2 quarterstaff of chaos!
You die...

############# ####### ###
###.#..#......# # #.....#
#)..##))#)......##.# ####.#####
#..)g@####......##.# .....##
#)..### ##.#..###.# ......# ###
###### #.# #####.# #.# # #.#
### #.#
#####.###################.###.#
..[.........................#.#
.##...########.########....#..#
.##...# #.##.†.......###.#


You could see Crazy Yiuf.

Vanquished Creatures
  An adder (D:2)
  A worm (D:2)
  A dart slug (D:2)
  5 endoplasms
  A giant cockroach (D:1)
  2 goblins (D:1)
  4 hobgoblins
  3 jackals (D:1)
  2 kobolds
  2 quokkas
  2 ball pythons
  6 bats
  A frilled lizard (D:1)
  3 rats
34 creatures vanquished.

Notes
Turn   | Place    | Note
-------+----------+-------------------------------------------
     0 | D:1      | gelatine the Demonspawn Fighter began the quest for the
                  | Orb.
     0 | D:1      | Reached XP level 1. HP: 18/18 MP: 1/1
     9 | D:1      | Noticed a lindwurm
     9 | D:1      | Noticed a polar bear
     9 | D:1      | Noticed a hound
    10 | D:1      | Noticed a scorpion
    10 | D:1      | Noticed a water moccasin
    81 | D:1      | Gained mutation: You are partially covered in rugged brown
                  | scales. (AC +1, +3% HP) [demonic ancestry]
    81 | D:1      | Reached XP level 2. HP: 18/24 MP: 2/2
   271 | D:1      | Found a faded altar of an unknown god.
   288 | D:1      | Got Plato's Atlas of Elsewhere
   990 | D:2      | Reached XP level 3. HP: 27/29 MP: 3/3
  1623 | D:2      | Found a runed translucent door.
  1624 | D:2      | Noticed Crazy Yiuf
  1629 | D:2      | Slain by Crazy Yiuf

Illustrated notes

Levels and vault maps discovered:
D:1:      onia_arrival_zoo_common, layout_loops_ring,
          shapermc_ecumenical_altar_rom_forum
D:2:      layout_loops_ring, uniq_crazy_yiuf_cottage

Skill      XL: |  1  2 |
---------------+-------+-----
Axes           | 2 |  2.3
Shields        | 3 |  3.1
Armour         | 3 |  3.0
Fighting       | |  3.3
Throwing       | |  0.4
Dodging        | |  0.4
Stealth        | |  0.1

Action                     || total
---------------------------++-------
  Melee: War axe           ||   115
  Throw: Stone             ||     9
 Armour: Scale mail        ||    23
         Leather armour    ||    38
         Ring mail         ||    28
  Dodge: Dodged            ||    60
  Block: Buckler           ||    28

Table legend: (Time is in decaauts)
 A = Elapsed time spent in this place.
 B = Non-inter-level travel time spent in this place.
 C = Inter-level travel time spent in this place.
 D = Time resting spent in this place.
 E = Time spent auto-exploring this place.
 F = Levels seen in this place.
 G = Mean time per level.
                   A        B        C        D        E       F      G
               +--------+--------+--------+--------+--------+-----+--------+
         Total |   1680 |   1651 |     29 |      0 |   1231 |   2 |  840.0 |
       Dungeon |   1680 |   1651 |     29 |      0 |   1231 |   2 |  840.0 |
               +--------+--------+--------+--------+--------+-----+--------+

Top non-repeatable levels by time:
     D:1: 896 daAuts
     D:2: 783 daAuts
